 Dungeon Crawl Stone Soup version 0.17-a0-1176-g3d5a0d0 (webtiles) character file.

61718 nuthulu the Bludgeoner (level 14, -3/143 HPs)
             Began as a Minotaur Berserker on May 30, 2015.
             Was the Champion of Trog.
             Killed by divine providence
             ... invoked by an orc priest
              (10 damage)
             ... on level 3 of the Orcish Mines.
             The game lasted 01:35:22 (22639 turns).

nuthulu the Bludgeoner (Minotaur Berserker)        Turns: 22639, Time: 01:35:22

Health: -3/143     AC: 30    Str: 28    XL:     14   Next: 61%
Magic:  22/22      EV: 12    Int:  6    God:    Trog [******]
Gold:   156        SH:  0    Dex: 17    Spells: 0 memorised, 13 levels left

rFire  + . .     SeeInvis .     H - +8 quarterstaff of Karma {holy, rN+ Str+3 Dex+3}
rCold  . . .     Clarity  .     d - +0 crystal plate armour "Ziemet" {MP+9}
rNeg   + . .     SustAt   .     (no shield)
rPois  +         Gourm    .     (helmet restricted)
rElec  .         Spirit   .     (no cloak)
rCorr  .         Warding  .     e - +2 pair of gloves
rMut   .         Rnd*Tele +     J - +0 pair of boots
MR     ++...                    (no amulet)
Stlth  ..........               g - ring of protection from fire
                                E - ring of poison resistance

@: exhausted, very slightly contaminated, slowed, very slow, very resistant to
hostile enchantments, extremely unstealthy
A: retaliatory headbutt, claws 1, hooves 1, horns 2, slimy green scales 1, agile
1, clever 1, magic resistance 1, robust 1, teleportitis 1
a: Burn Spellbooks, Berserk, Trog's Hand, Brothers in Arms, Renounce Religion


You were on level 3 of the Orcish Mines.
You worshipped Trog.
Trog was exalted by your worship.
You were not hungry.

You visited 3 branches of the dungeon, and saw 23 of its levels.
You also visited: Labyrinth.

You collected 1600 gold pieces.
You spent 1444 gold pieces at shops.

Inventory:

Hand weapons
 G - a +6 antimagic mace
 H - the +8 quarterstaff of Karma (weapon) {holy, rN+ Str+3 Dex+3}
   (You found it on level 8 of the Lair of Beasts)

   It has been blessed by the Shining One to cause great damage to the undead
   and demons.
   It affects your strength (+3).
   It affects your dexterity (+3).
   It protects you from negative energy.
 Q - a +3 antimagic demon whip
 Z - a +1 antimagic eveningstar
Armour
 d - the +0 crystal plate armour "Ziemet" (worn) {MP+9}
   (You bought it in a shop on level 2 of the Orcish Mines)

   It affects your magic capacity (+9).
 e - a +2 pair of gloves (worn)
 r - a +2 buckler
 z - a +0 plate armour
 J - a +0 pair of boots (worn)
Jewellery
 g - a ring of protection from fire (right hand)
 h - an uncursed ring of fire
 j - an uncursed ring of fire
 o - a +1 ring of protection
 E - a ring of poison resistance (left hand)
 R - an uncursed amulet of rage
 V - a +4 ring of protection
 Y - a +5 ring of strength
Magical devices
 n - a wand of random effects (19)
 u - a wand of lightning (9)
 x - a wand of fire (8)
 y - a wand of cold (7)
 I - a wand of random effects (31)
 L - a wand of magic darts (24)
 M - a wand of cold (4)
 O - a wand of magic darts (28)
 P - a wand of disintegration (15)
 S - a wand of slowing (37)
 T - a wand of hasting (1)
 W - a wand of flame (21)
Scrolls
 f - a scroll of identify
 k - 6 scrolls of fear
 t - 2 scrolls of fog
 D - 4 scrolls of teleportation
 K - 7 scrolls of remove curse
 N - 3 scrolls of recharging
 U - a scroll of enchant weapon
Potions
 a - 5 potions of curing
 m - 5 potions of brilliance
 q - a potion of haste
 v - a potion of resistance
 w - a potion of agility {unknown}
 A - 2 potions of flight
 C - 5 potions of might
 F - a potion of invisibility {unknown}
 X - a potion of ambrosia {unknown}
Comestibles
 b - 7 fruits
 c - 7 bread rations
 l - 10 meat rations
 p - 7 beef jerkies
 s - 3 slices of pizza


   Skills:
 * Level 13.9 Fighting
 - Level 15.5(16.0) Maces & Flails
 * Level 6.7(12.2) Staves
 * Level 14.6 Armour
 * Level 11.4 Dodging
 - Level 10.7 Shields


You had 13 spell levels left.
You didn't know any spells.

Dungeon Overview and Level Annotations

Branches:
Dungeon (11/15)            Temple (0/1) D:4            Lair (8/8) D:9
  Swamp (0/4) Lair:6        Snake (0/4) Lair:6        Slime (0/6) Lair:7
    Orc (4/4) D:11            Elf (0/3) Orc:4

Altars:
Elyvilon
Kikubaaqudgha
The Shining One
Beogh

Shops:
D:9 !   D:11 :   Orc:2 =[!*


Innate Abilities, Weirdness & Mutations

You reflexively headbutt those who attack you in melee.
You have a pair of horns on your head.
You have sharp fingernails.
You have large cloven feet.
You are partially covered in slimy green scales (AC +2).
You are agile. (Dex +2)
Your mind is acute. (Int +2)
You are resistant to hostile enchantments.
You are robust (+10% HP).
You are occasionally teleported to nearby monsters.


Message History

Okay, then.
Read which item? (? for menu, Esc to quit)
You can't read that!
Read which item? (? for menu, Esc to quit)
You can't read that!
Remove which piece of jewellery? (? for menu, Esc to quit)
You aren't wearing that.
Read which item? (? for menu, Esc to quit)
Blink to where?
Press: ? - help, Dir - move target cursor
As you read the scroll of blinking, it crumbles to dust.
An orc comes into view. It is wielding a short sword.
The orc shouts!
An orc comes into view.
The orc shouts! 2 orcs come into view.
The orc shouts! x2
The orc priest invokes the aid of Beogh against you.
Something smites you!
You die...

...##.o).......
. ...$..o$..##.
.......o.#.##
....#.o.o.##
...####.o## .##
#.o.# ####.o#
###.##oo#
#.@o..o.#
#...o....#
#..≈o≈..##
#.≈≈≈≈.##
≈...≈≈≈o#
#....≈≈≈o.
..........#
...#..##....


You could see an orc priest and 7 orcs.

Vanquished Creatures
  An orc warlord (Orc:4)
  Nessos (Lair:5)
  A minotaur (Lab)
  8 hydras
  A deep troll shaman (Lair:8)
  2 death yaks (Lair:8)
  2 orc high priests (Orc:4)
  Urug (Orc:1)
  Nergalle (Orc:2)
  3 unseen horrors
  The ghost of Gorice the Conjurer, an experienced OpWn of Vehumet (D:7)
  A swamp dragon (Lair:6)
  An orc knight (Orc:4)
  2 cyclopes
  A griffon (Lair:5)
  4 orc sorcerers
  5 black mambas
  An eye of devastation (Lair:7)
  16 elephants
  6 fire drakes
  14 spiny frogs
  2 komodo dragons
  5 wandering mushrooms
  A two-headed ogre (D:9)
  A troll (D:11)
  13 blink frogs
  The ghost of 4thArraOfDagon the Chopper, an average OpBe of Trog (D:6)
  A trapdoor spider zombie (D:10)
  A boulder beetle (Lair:7)
  A wyvern (Lair:8)
  42 yaks
  2 deep elf magi (D:10)
  2 wraiths
  6 hippogriffs
  4 basilisks
  A chaos spawn (Orc:4)
  2 steam dragons
  4 hungry ghosts (Lab)
  Menkaure (D:6)
  9 porcupines
  Edmund (D:5)
  24 wolves
  12 water moccasins
  Duvessa (D:6)
  2 black bears (Lair:8)
  4 phantoms
  12 orc warriors
  4 sky beasts
  An eye of draining (Lair:7)
  13 ogres
  9 centaurs
  16 crocodiles
  A brain worm (Lair:2)
  Blork the orc (D:5)
  12 giant frogs
  A wyvern zombie (D:11)
  Dowan (D:6)
  A scorpion (D:11)
  13 killer bees
  3 wights (D:11)
  5 crimson imps
  3 centaur zombies
  3 giant frog skeletons
  A centaur skeleton (D:9)
  3 jellies
  22 orc priests
  4 hounds
  29 orc wizards
  3 worker ants
  8 iguanas
  A killer bee zombie (D:9)
  7 sheep (Lair:8)
  3 hound zombies
  A hound skeleton (D:10)
  15 adders
  2 gnolls (D:5)
  37 river rats
  2 shadow imps (D:6)
  2 oozes (D:1)
  5 worms
  2 giant geckos
  150 orcs
  16 bats
  6 giant cockroaches
  21 goblins
  22 hobgoblins
  13 jackals
  15 kobolds
  4 quokkas
  13 giant newts
  A quokka skeleton (D:8)
  A quokka zombie (D:9)
  17 rats
  A fungus (Lair:7)
  A plant (Lair:8)
743 creatures vanquished.

Vanquished Creatures (collateral kills)
  2 death yaks (Lair:8)
  A catoblepas (Lair:8)
  A soul eater (Orc:4)
  2 orc sorcerers (Orc:4)
  A blue devil (Orc:4)
  2 neqoxecs (Orc:4)
  A ynoxinul (Orc:4)
  4 orc warriors (Orc:4)
  2 killer bees (D:7)
  4 orc priests (Orc:4)
  2 orc wizards (Orc:4)
  4 orcs (Orc:4)
26 creatures vanquished.

Vanquished Creatures (others)
  A deep troll (Lair:8)
  An orc (Orc:2)
  6 fungi
  4 plants
12 creatures vanquished.

Grand Total: 781 creatures vanquished

Notes
Turn   | Place    | Note
--------------------------------------------------------------
     0 | D:1      | nuthulu the Minotaur Berserker began the quest for the Orb.
     0 | D:1      | Reached XP level 1. HP: 19/19 MP: 0/0
    99 | D:1      | Reached skill level 4 in Maces & Flails
   100 | D:1      | Reached XP level 2. HP: 12/27 MP: 1/1
   544 | D:1      | Gained mutation: You are occasionally teleported to nearby monsters. [potion of mutation]
   544 | D:1      | Gained mutation: You have large cloven feet. [potion of mutation]
   544 | D:1      | Gained mutation: You are partially covered in slimy green scales (AC +2). [potion of mutation]
   649 | D:1      | Reached XP level 3. HP: 33/33 MP: 2/2
   685 | D:1      | Acquired Trog's second power
  1523 | D:2      | Gained mutation: You have sharp fingernails. [potion of beneficial mutation]
  1541 | D:2      | Reached XP level 4. HP: 41/41 MP: 3/3
  1865 | D:2      | You fall through a shaft!
  2375 | D:3      | Reached XP level 5. HP: 47/47 MP: 4/4
  2805 | D:4      | Reached skill level 5 in Maces & Flails
  2873 | D:4      | Noticed a phantom
  2938 | D:4      | Killed a phantom
  2938 | D:4      | Reached skill level 5 in Fighting
  2938 | D:4      | Reached XP level 6. HP: 53/56 MP: 5/5
  3122 | D:4      | Found a staircase to the Ecumenical Temple.
  3272 | D:4      | Noticed an ogre
  3284 | D:4      | Killed an ogre
  3326 | D:4      | Reached skill level 6 in Maces & Flails
  3374 | D:4      | Acquired Trog's third power
  3824 | D:5      | Entered Level 5 of the Dungeon
  3833 | D:5      | Reached skill level 5 in Armour
  3833 | D:5      | Reached XP level 7. HP: 20/61 MP: 6/6
  4112 | D:5      | Noticed Blork the orc
  4123 | D:5      | Killed Blork the orc
  4123 | D:5      | Reached skill level 5 in Dodging
  4186 | D:5      | Noticed Edmund
  4200 | D:5      | Killed Edmund
  4545 | D:5      | Reached XP level 8. HP: 33/70 MP: 7/7
  4860 | D:5      | Reached skill level 7 in Maces & Flails
  4876 | D:5      | Gained mutation: You tend to lose your temper in combat. [potion of mutation]
  4876 | D:5      | Lost mutation: You tend to lose your temper in combat. [potion of mutation]
  5020 | D:6      | Noticed Menkaure
  5020 | D:6      | Noticed Duvessa
  5020 | D:6      | Noticed Dowan
  5024 | D:6      | Noticed 4thArraOfDagon's ghost (average OpBe)
  5145 | D:6      | Killed Menkaure
  5403 | D:6      | Killed 4thArraOfDagon's ghost
  5403 | D:6      | Reached skill level 1 in Shields
  5470 | D:6      | Killed Duvessa
  5488 | D:6      | Found a glowing golden altar of the Shining One.
  5512 | D:6      | Gained mutation: Your mind is acute. (Int +2) [potion of beneficial mutation]
  5524 | D:6      | Killed Dowan
  5587 | D:6      | Found a white marble altar of Elyvilon.
  5847 | D:7      | Reached skill level 8 in Armour
  5919 | D:7      | Reached XP level 9. HP: 70/78 MP: 8/8
  6395 | D:7      | Noticed Gorice's ghost (experienced OpWn)
  6410 | D:7      | Killed Gorice's ghost
  6410 | D:7      | Reached skill level 9 in Armour
  6539 | D:7      | Gained mutation: You are robust (+10% HP). [potion of beneficial mutation]
  7684 | D:8      | Reached XP level 10. HP: 77/96 MP: 9/9
  8127 | D:9      | Found a staircase to the Lair.
  8509 | D:9      | Reached skill level 5 in Shields
  8707 | D:9      | Found Inureket's Distillery.
  8747 | D:9      | Bought a potion of mutation for 35 gold pieces
  8747 | D:9      | Gained mutation: You are resistant to hostile enchantments. [potion of mutation]
  8807 | D:9      | Noticed a cyclops
  8829 | D:9      | Killed a cyclops
  8829 | D:9      | Reached skill level 10 in Maces & Flails
  8990 | D:9      | Bought a potion of curing for 42 gold pieces
  8990 | D:9      | Bought a potion of curing for 42 gold pieces
  9016 | D:9      | Received a gift from Trog
  9148 | D:9      | Reached skill level 10 in Armour
  9245 | D:10     | Entered Level 10 of the Dungeon
 10372 | Lair:1   | Entered Level 1 of the Lair of Beasts
 10517 | Lair:1   | Found an ancient bone altar of Kikubaaqudgha.
 10629 | Lair:1   | Noticed a six-headed hydra
 10641 | Lair:1   | Killed a six-headed hydra
 10641 | Lair:1   | Reached skill level 11 in Maces & Flails
 10641 | Lair:1   | Reached XP level 11. HP: 106/106 MP: 10/10
 11796 | Lair:2   | Reached skill level 10 in Fighting
 11828 | Lair:2   | Found a frozen archway.
 12077 | Lair:2   | Received a gift from Trog
 12317 | Lair:3   | Reached skill level 12 in Maces & Flails
 13568 | Lair:4   | Reached XP level 12. HP: 90/118 MP: 3/11
 14018 | Lair:4   | Noticed a four-headed hydra
 14032 | Lair:4   | Killed a four-headed hydra
 14834 | Lair:5   | Reached skill level 13 in Maces & Flails
 14887 | Lair:5   | Gained mutation: You are agile. (Dex +2) [potion of beneficial mutation]
 15002 | Lair:5   | Noticed Nessos
 15036 | Lair:5   | Killed Nessos
 15677 | Lair:5   | Reached skill level 10 in Dodging
 15821 | Lair:5   | Noticed a six-headed hydra
 15829 | Lair:5   | Killed a six-headed hydra
 16135 | Lair:5   | Noticed a four-headed hydra
 16145 | Lair:5   | Killed a four-headed hydra
 16145 | Lair:5   | Received a gift from Trog
 16145 | Lair:5   | Reached XP level 13. HP: 98/128 MP: 4/12
 16520 | Lair:6   | Reached skill level 14 in Maces & Flails
 16631 | Lair:6   | Found a staircase to the Swamp.
 17075 | Lair:6   | Found a staircase to the Snake Pit.
 17266 | Lair:7   | Received a gift from Trog
 17486 | Lair:7   | Reached skill level 10 in Shields
 17667 | Lair:7   | Found a staircase to the Slime Pits.
 17703 | Lair:7   | Reached skill level 15 in Maces & Flails
 18253 | Lair:8   | Entered Level 8 of the Lair of Beasts
 18415 | Lair:8   | Got a warped quarterstaff
 18416 | Lair:8   | Identified the +8 quarterstaff of Karma {holy, rN+ Str+3 Dex+3} (You found it on level 8 of the Lair of Beasts)
 18466 | Lair:8   | Received a gift from Trog
 18600 | Lair:8   | Reached XP level 14. HP: 113/141 MP: 4/13
 18644 | Lair:8   | Reached skill level 1 in Staves
 18877 | Lair:8   | Got a twisted scale mail
 18878 | Lair:8   | Identified the +1 scale mail "Uzaotyna" {SInv Stlth+} (You found it on level 8 of the Lair of Beasts)
 19110 | Lair:8   | Got an ancient ring mail
 19111 | Lair:8   | Identified the +1 ring mail of Oblivion {rCorr} (You found it on level 8 of the Lair of Beasts)
 19520 | D:11     | Killed an unseen horror
 19530 | D:11     | Found Onopui Qaih's Book Emporium.
 19736 | D:11     | Noticed a cyclops
 19746 | D:11     | Killed a cyclops
 19975 | D:11     | Found a staircase to the Orcish Mines.
 20289 | Orc:1    | Entered Level 1 of the Orcish Mines
 20542 | Orc:1    | Found a roughly hewn altar of Beogh.
 20546 | Orc:1    | Received a gift from Trog
 20716 | Orc:1    | Noticed Urug
 20728 | Orc:1    | Killed Urug
 20889 | Orc:2    | Found Hezit's Distillery.
 20889 | Orc:2    | Found Finac's Armour Boutique.
 20892 | Orc:2    | Noticed Nergalle
 20913 | Orc:2    | Killed Nergalle
 20991 | Orc:2    | Bought a potion of heal wounds for 65 gold pieces
 21025 | Orc:2    | Found Qolyerhu's Jewellery Boutique.
 21121 | Orc:2    | Found Rilaveysas's Assorted Antiques.
 21536 | Orc:3    | Received a gift from Trog
 21848 | Orc:4    | Entered Level 4 of the Orcish Mines
 21911 | Orc:2    | Bought the cursed +0 crystal plate armour "Ziemet" {MP+9} for 1260 gold pieces
 21996 | Orc:4    | Found a labyrinth entrance.
 22005 | Lab      | Entered a labyrinth
 22130 | Lab      | Reached skill level 5 in Staves
 22468 | Orc:4    | Found a staircase to the Elven Halls.
 22509 | Orc:4    | Received a gift from Trog
 22586 | Orc:4    | Noticed an orc warlord
 22612 | Orc:4    | Killed an orc warlord
 22630 | Orc:3    | HP: 3/143 [orc priest/divine providence (13)]
 22639 | Orc:3    | Killed from afar by an orc priest

Vault maps used:
D:1:      dpeg_arrival_water_fire
D:2:      minivault_4, uniq_crazy_yiuf_cottage
D:3:      first_bread
D:4:      minmay_temple_entry_butterflies, kennysheep_small_square
D:5:      wad_woods_tower, uniq_blork_the_orc, uniq_edmund
D:6:      lemuel_crystal_altar, basic_altar, uniq_menkaure, uniq_duvessa
D:7:      grunt_ogre_cave
D:8:      minmay_misc_feat_iff, minmay_strange_pillars
D:9:      lair_0_dummy, serial_shops, shop, hangedman_minor_gate_pass
D:10:     spider_trap
D:11:     orc_0_dummy, serial_shops, shop, st_stairs_11, dk_noncrumbling_3
Lair:1:   lemuel_centaur_altar
Lair:2:   portal_ice_cave_entry_pillars_02, grunt_forest_large_clearing_hut
Lair:4:   kennysheep_basilisk_garden
Lair:5:   uniq_nessos
Lair:6:   minmay_swamp_entry_reptiles, dummy_snake_entry,
          minmay_stone_trees_medium, nicolae_lair_grove_arrangements,
          grunt_megastairs_3
Lair:7:   minmay_slime_entry_eyes, grunt_megastairs_2
Lair:8:   grunt_lair_end_beastmaster
Orc:1:    minmay_orc_temple_b, uniq_urug
Orc:2:    serial_shops, shop, shop, nicolae_shop_crystal, shop, uniq_nergalle
Orc:3:    nicolae_orc_pool_cavern, guppyfry_library_mini
Orc:4:    st_orc_congregation, lab_entry_generic
Lab:      labyrinth_watery, lab_block, nicolae_lab_blocks,
          labyrinth_skeletal_remains, nicolae_lab_grate_2, nicolae_lab_plus

Action                   |  1- 3 |  4- 6 |  7- 9 | 10-12 | 13-15 || total
-------------------------+-------+-------+-------+-------+-------++-------
Melee: Mace              |    76 |   146 |   255 |   826 |   186 ||  1489
       Dire flail        |       |       |    60 |       |       ||    60
       Demon whip        |       |       |       |       |   329 ||   329
       Quarterstaff      |       |       |       |       |   464 ||   464
Invok: Berserk           |       |     1 |     5 |     6 |     1 ||    13
       Burn Spellbooks   |       |     1 |     1 |     3 |     2 ||     7
       Brothers in Arms  |       |       |     1 |       |     3 ||     4
Evoke: Wand              |       |       |     1 |       |       ||     1
  Use: Scroll            |     4 |     5 |     8 |    10 |    12 ||    39
       Potion            |     4 |     2 |    10 |     4 |     4 ||    24
  Eat: Chunk             |     1 |     9 |     8 |    13 |     9 ||    40
       Fruit             |       |       |     2 |       |     2 ||     4
       Meat ration       |       |       |     1 |     2 |     1 ||     4
       Beef jerky        |       |       |     1 |     2 |       ||     3
       Bread ration      |       |       |     1 |     1 |     1 ||     3
       Royal jelly       |       |       |       |     1 |       ||     1
       Pizza             |       |       |       |       |     2 ||     2
